[Event "ONJK FGH 2"]
[Site "Enschede, Netherlands"]
[Date "2022.08.13"]
[Round "9.2"]
[White "Zantingh, Kyo"]
[Black "De Wit, Jim"]
[Result "0-1"]
[TimeControl "25min + 10sec/move"]
[WhiteElo "739"]
[BlackElo "889"]

1. e4 e5 2. Nf3 Nc6 3. Bc4 Bc5 4. c3 Nf6 5. d4 exd4 6. cxd4 Bb4+ 7. Nc3 Bxc3+ 8. bxc3 Nxe4 9. O-O O-O 10. Qd3 Nd6 11. Ng5 g6 12.
Qh3 h5 13. g4 Nxc4 14. gxh5 Kg7 15. hxg6 Rh8 16. Qf5 Nd6 17.
Qf3 f6 18. Ne4 Nxe4 19. Qxe4 Qe8 20.
Qxe8 Rxe8 21. Bb2 Ne7 22. Rfe1 Kxg6 23. d5 Kf7 24. Red1 d6 25. c4 Rg8+ 26. Kh1 Bg4 27. Rd4 Bf3# 0-1

[Event "ONJK FGH 2"]
[Site "Enschede, Netherlands"]
[Date "2022.08.13"]
[Round "9.3"]
[White "Verwer, Cedric"]
[Black "Okita, Ryoga"]
[Result "1-0"]
[TimeControl "25min + 10sec/move"]
[WhiteElo "552"]
[BlackElo "829"]

1. e4 e5 2. Nf3 Nc6 3. d4 exd4 4. Bc4 h6 5. O-O Bc5 6. c3 dxc3 7. Bxf7+ Kxf7 8.
Qd5+ Ke8 9. Qxc5 d6 10. Qxc3 Nf6 11. Nbd2 Kf7 12. Qc4+ Be6 13. Qb5 Rb8 14. Nc4 a6 15. Qb3 Na5 16.
Nfe5+ Kg8 17. Qg3 Nxc4 18. Ng6 Rh7 19.
Nf4 Bf7 20. b3 Ne5 21. a4 Nxe4 22. Qe3 Nf6 23. Bb2 Neg4 24. Qg3 Bxb3 25. Bxf6 Nxf6 26. Qxb3+ d5 27. Rad1 c6 28. Ne6 Qd6 29.
Nd4 b5 30. Nf5 bxa4 31. Qxa4 Qe5 32. Nd4 Qe8 33. Rde1 Qc8 34. Nxc6 a5 35. Ne7+ Kf7 36. Nxc8 Rxc8 37. Qxa5 Rc6 38.
Qa7+ Kg6 39. f4 Kh5 40. Qf7+ g6 41. Re5+ Kh4 42. Qxg6 Rd6 43. Qg3# 1-0